 Dungeon Crawl Stone Soup version 0.19.0-20-gbc5f0c6 (webtiles) character file.

20072 leglesslizard the Cleaver (level 12, -1/171 HPs)
             Began as a Deep Dwarf Berserker on Nov 17, 2016.
             Was a High Priest of Trog.
             Slain by a two-headed ogre
             ... wielding a +0 giant club
              (12 damage)
             ... on level 2 of the Orcish Mines on Nov 18, 2016.
             The game lasted 00:48:57 (9292 turns).

leglesslizard the Cleaver (Deep Dwarf Berserker)    Turns: 9292, Time: 00:48:58

Health: -1/171     AC: 26    Str: 25    XL:     12   Next: 42%
Magic:  5/5        EV:  2    Int:  9    God:    Trog [*****.]
Gold:   304        SH:  0    Dex: 12    Spells: 0 memorised, 11 levels left

rFire  . . .     SeeInvis +     I - +5 war axe
rCold  + . .     Gourm    .     (armour currently unavailable)
rNeg   + + +     Faith    .     (no shield)
rPois  +         Spirit   .     (helmet currently unavailable)
rElec  .         Reflect  .     (cloak currently unavailable)
rCorr  .         Harm     .     (gloves currently unavailable)
MR     +....     NoTele   +     (boots currently unavailable)
Stlth  ++........               (no amulet)
                                L - ring of protection from cold
                                b - ring of positive energy

@: exhausted, tree-form (expiring), non-regenerating, slowed, very slow
A: damage resistance, recharge devices, see invisible, (fire resistance 0),
sense surroundings 2, slow regeneration 3
a: Device Recharging, Berserk, Trog's Hand, Brothers in Arms, Burn Spellbooks,
Renounce Religion


You were on level 2 of the Orcish Mines.
You worshipped Trog.
Trog was extremely pleased with you.
You were very full.
You were a tree.
You visited 2 branches of the dungeon, and saw 12 of its levels.

You collected 888 gold pieces.
You spent 584 gold pieces at shops.

Inventory:

Hand Weapons
 I - a +5 war axe (weapon)
Missiles
 e - 6 poisoned tomahawks (quivered)
 p - 2 tomahawks of returning
 Q - 7 tomahawks
Armour
 f - a +1 pair of boots of flying (melded)
 y - a +2 helmet (melded)
 K - a +3 ring mail of poison resistance (melded)
Jewellery
 b - a ring of positive energy (left branch)
 L - a ring of protection from cold (right branch)
 O - a +5 ring of intelligence
Wands
 a - a wand of paralysis (9/24)
 c - a wand of heal wounds (2/9)
 n - a wand of confusion (23/48)
 q - a wand of polymorph (11/24)
 s - a wand of random effects (25/48)
 D - a wand of acid (3/15)
 G - a wand of flame (17/48)
 P - a wand of acid (7/15)
Scrolls
 h - a scroll of magic mapping {unknown}
 k - a scroll of fog {unknown}
 l - 5 scrolls of remove curse
 o - 3 scrolls of identify
 r - a scroll of recharging {unknown}
 u - a scroll of fear
 w - 2 scrolls of enchant weapon {unknown}
 x - a scroll of noise {unknown}
 F - a scroll of holy word {unknown}
 M - a scroll of teleportation {unknown}
Potions
 d - a potion of mutation
 g - 3 potions of brilliance
 i - 6 potions of flight
 j - a potion of lignification
 m - a potion of ambrosia
 t - a potion of resistance {unknown}
 v - 5 potions of curing {unknown}
 z - 3 potions of cure mutation {unknown}
 A - 2 potions of might {unknown}
 C - 2 potions of agility {unknown}
 E - 2 potions of berserk rage {unknown}
Books
 H - a book of Callings

   Spells                             Type                      Level
   a - Summon Small Mammal            Summoning                    1
   b - Call Imp                       Summoning                    2
   c - Call Canine Familiar           Summoning                    3
   d - Summon Guardian Golem          Hexes/Summoning              3
   e - Summon Lightning Spire         Summoning/Air                4
   f - Summon Ice Beast               Ice/Summoning                4
   Trog disapproves of the use of such an item.
Miscellaneous
 N - a fan of gales
Comestibles
 J - a bread ration


   Skills:
 + Level 9.2 Fighting
   Level 5.2 Long Blades
 + Level 14.8 Axes
 + Level 1.4 Throwing
 + Level 8.7 Armour
 + Level 7.4 Dodging
 + Level 2.3 Stealth
 + Level 5.1 Evocations


You had 11 spell levels left.
You didn't know any spells.

Dungeon Overview and Level Annotations

Branches:
Dungeon (10/15)            Temple (0/1) D:5            Lair (0/6) D:8
    Orc (2/2) D:10
    Elf: Orc:2

Altars:
Ashenzari
Cheibriados
Elyvilon
Fedhas
Gozag
Makhleb
Nemelex Xobeh
Okawaru
Ru
Uskayaw
Vehumet
Zin

Shops:
D:6 *   D:9 :   Orc:1 [

Annotations:
D:2 exclusion: oklob plant


Innate Abilities, Weirdness & Mutations

You are resistant to damage.
You can recharge devices by infusing magical energy.
You passively map the area around you.
You do not regenerate.
You have supernaturally acute eyesight. (SInv)
((Your flesh is heat resistant. (rF+)))


Message History

* * * LOW HITPOINT WARNING * * *
The two-headed ogre hits you but does no damage.
The orc warrior hits you but does no damage.
The two-headed ogre hits you with a giant club!
* * * LOW HITPOINT WARNING * * *
The two-headed ogre hits you but does no damage.
Zapping:
c - a wand of heal wounds (3/9)
Press: ? - help, Shift-Dir - straight line, f - you You feel much better.
This wand has 2 charges left.
The two-headed ogre hits you with a giant spiked club.
The two-headed ogre hits you but does no damage.
The orc warrior hits you from afar with a halberd!
* * * LOW HITPOINT WARNING * * *
The two-headed ogre hits you with a great mace.
* * * LOW HITPOINT WARNING * * *
The two-headed ogre hits you with a giant spiked club!
* * * LOW HITPOINT WARNING * * *
The orc warrior hits you but does no damage.
The two-headed ogre hits you with a giant club!
You die...

,*## * ##.##......... ,
..# ## #....#........ ,
...###.#####............
,
..#.#....##.............
,,
.................#......
,
........................
, ,
##.o....................
, ,
....oooO)......###.#....
, ...###O♣###...##
...... , , ,,
*#.OOO###..# .##... , ,
#.OOOOO#*..# *, .... ,
,,,,


#.OOOOO# ..# * , .... , , ,,#....O... ,.# .... , #........# ,, ,.#.. ,, ,
,#........# , .... , , #........# ** .... , , ,, ,,**,, .... You could see 5
two-headed ogres, 2 orc warriors, 11 ogres, an orc wizard and an orc.

Vanquished Creatures
  Saint Roka (Orc:1)
  Harold (Orc:1)
  4 ogre magi (Orc:2)
  An unseen horror (D:10)
  A hill giant (D:10)
  Pikel (D:4)
  2 komodo dragons (D:8)
  2 trolls
  A hornet (D:8)
  Prince Ribbit (D:8)
  6 two-headed ogres (Orc:2)
  Grinder (D:6)
  2 hippogriffs
  A wraith (D:9)
  A steam dragon (D:8)
  2 hungry ghosts
  Eustachio (D:4)
  A mottled dragon (D:8)
  4 wargs
  Edmund (D:6)
  Duvessa (D:4)
  3 ice beasts
  9 orc warriors
  2 phantoms
  2 slaves (D:4)
  3 sky beasts
  A black bear (D:8)
  17 ogres
  2 centaurs
  3 crocodiles (D:8)
  5 bullfrogs
  Blork the orc (D:4)
  5 scorpions
  5 killer bees (D:10)
  2 jellies
  Dowan (D:4)
  11 wights (D:7)
  3 howler monkeys
  6 centaur zombies
  5 crimson imps
  5 hounds
  A bullfrog zombie (D:6)
  5 orc priests
  A bullfrog skeleton (D:6)
  2 centaur skeletons
  11 orc wizards
  Terence (D:3)
  5 iguanas
  3 worker ants
  3 hound zombies
  2 hound skeletons
  A worker ant zombie (D:10)
  4 gnolls
  7 adders
  A shadow imp (D:8)
  An adder zombie (D:7)
  2 adder skeletons
  5 worms
  A dart slug (D:5)
  6 leopard geckos
  47 orcs
  3 ball pythons
  6 bats
  6 giant cockroaches
  19 goblins
  9 hobgoblins
  2 jackals (D:1)
  4 quokkas
  3 frilled lizards
  10 kobolds
  A quokka skeleton (D:4)
  15 rats
314 creatures vanquished.

Vanquished Creatures (others)
  A howler monkey (D:8)
  13 toadstools (D:2)
14 creatures vanquished.

Grand Total: 328 creatures vanquished

Notes
Turn   | Place    | Note
-------+----------+-------------------------------------------
     0 | D:1      | leglesslizard the Deep Dwarf Berserker began the quest for the Orb.
     0 | D:1      | Reached XP level 1. HP: 20/20 MP: 1/1
    56 | D:1      | Reached XP level 2. HP: 25/27 MP: 2/2
   551 | D:1      | Reached skill level 4 in Axes
   630 | D:1      | Reached XP level 3. HP: 19/34 MP: 3/3
   736 | D:2      | Reached ** piety under Trog
   934 | D:2      | Reached XP level 4. HP: 39/42 MP: 4/4
   944 | D:2      | Found a hide-covered altar of Uskayaw.
  1276 | D:2      | Found a blossoming altar of Fedhas.
  1295 | D:2      | Noticed an oklob plant
  1575 | D:3      | Reached *** piety under Trog
  1575 | D:3      | Reached skill level 5 in Axes
  1575 | D:3      | Reached XP level 5. HP: 13/49 MP: 5/5
  2139 | D:3      | Noticed Terence
  2148 | D:3      | Killed Terence
  2550 | D:3      | Noticed a phantom
  2595 | D:3      | Killed a phantom
  2595 | D:3      | Reached XP level 6. HP: 19/57 MP: 4/4
  2809 | D:4      | Noticed Eustachio
  2865 | D:4      | Killed Eustachio
  2865 | D:4      | Reached skill level 6 in Axes
  2961 | D:4      | Noticed a slave
  2962 | D:4      | Noticed Pikel
  2963 | D:4      | Noticed a slave
  2963 | D:4      | Noticed a slave
  2964 | D:4      | Noticed a slave
  2982 | D:4      | Killed a slave
  2985 | D:4      | Killed a slave
  2999 | D:4      | Killed Pikel
  2999 | D:4      | Reached skill level 7 in Axes
  2999 | D:4      | Reached skill level 5 in Armour
  2999 | D:4      | Reached XP level 7. HP: 39/66 MP: 5/5
  3106 | D:4      | Noticed Duvessa
  3106 | D:4      | Noticed Dowan
  3108 | D:4      | Killed Dowan
  3108 | D:4      | Reached skill level 1 in Evocations
  3128 | D:4      | Killed Duvessa
  3128 | D:4      | Reached XP level 8. HP: 37/73 MP: 6/6
  3259 | D:4      | Noticed Blork the orc
  3264 | D:4      | Killed Blork the orc
  3449 | D:4      | Reached **** piety under Trog
  3517 | D:4      | Paralysed by fainting for 10 turns
  3530 | D:4      | Reached skill level 8 in Axes
  3549 | D:4      | Found a glowing silver altar of Zin.
  3645 | D:4      | Found a snail-covered altar of Cheibriados.
  3744 | D:5      | Entered Level 5 of the Dungeon
  3933 | D:5      | Found a shattered altar of Ashenzari.
  3934 | D:5      | Found a sparkling altar of Nemelex Xobeh.
  3935 | D:5      | Found an iron altar of Okawaru.
  3935 | D:5      | Found a sacrificial altar of Ru.
  3937 | D:5      | Found an opulent altar of Gozag.
  3938 | D:5      | Found a white marble altar of Elyvilon.
  3975 | D:5      | Found a staircase to the Ecumenical Temple.
  4291 | D:5      | You fall through a shaft!
  4298 | D:6      | Reached skill level 5 in Fighting
  4361 | D:6      | Noticed Grinder
  4405 | D:6      | Killed Grinder
  4405 | D:6      | Reached skill level 9 in Axes
  4405 | D:6      | Reached skill level 5 in Dodging
  4432 | D:6      | Gained mutation: You passively map the area around you. [Deep Dwarf growth]
  4432 | D:6      | Reached XP level 9. HP: 52/81 MP: 6/6
  4516 | D:6      | Found a sand-covered staircase.
  4565 | D:6      | Found Huthohin's Assorted Antiques.
  4580 | D:6      | Bought an encrusted long sword for 238 gold pieces
  4580 | D:6      | Identified the +9 long sword of the Spheres {slice, Str+3} (You bought it in a shop on level 6 of the Dungeon)
  4823 | D:6      | Noticed Edmund
  4838 | D:6      | Killed Edmund
  4838 | D:6      | Reached skill level 1 in Long Blades
  5547 | D:7      | Reached skill level 1 in Stealth
  5831 | D:7      | Reached skill level 5 in Long Blades
  6162 | D:8      | Found a shattered altar of Ashenzari.
  6165 | D:8      | Noticed Prince Ribbit
  6171 | D:8      | Killed Prince Ribbit
  6171 | D:8      | Reached ***** piety under Trog
  6174 | D:8      | Reached XP level 10. HP: 91/91 MP: 6/6
  6184 | D:8      | Reached skill level 10 in Axes
  6187 | D:8      | Paralysed by a hornet for 1 turns
  6359 | D:8      | Found a burning altar of Makhleb.
  6573 | D:8      | Reached skill level 11 in Axes
  6598 | D:8      | Found a staircase to the Lair.
  6801 | D:8      | Received a gift from Trog
  7167 | D:9      | Found a radiant altar of Vehumet.
  7357 | D:9      | Found Deebal's Book Emporium.
  7614 | D:10     | Entered Level 10 of the Dungeon
  7697 | D:10     | Killed an unseen horror
  7750 | D:10     | Reached XP level 11. HP: 66/100 MP: 5/5
  8263 | D:10     | Noticed a hill giant
  8274 | D:10     | Killed a hill giant
  8274 | D:10     | Reached skill level 12 in Axes
  8357 | D:10     | Found a staircase to the Orcish Mines.
  8437 | Orc:1    | Entered Level 1 of the Orcish Mines
  8437 | Orc:1    | Found Fuun's Antique Armour Shoppe.
  8437 | Orc:1    | Noticed Harold
  8454 | Orc:1    | Reached skill level 1 in Throwing
  8457 | Orc:1    | Killed Harold
  8523 | Orc:1    | Bought a pair of glowing boots for 346 gold pieces
  8634 | Orc:2    | Entered Level 2 of the Orcish Mines
  8806 | Orc:2    | Noticed Saint Roka
  8816 | Orc:1    | Gained mutation: Your flesh is heat resistant. (rF+) [potion of mutation]
  8816 | Orc:1    | Gained mutation: You have supernaturally acute eyesight. (SInv) [potion of mutation]
  8895 | Orc:1    | Killed Saint Roka
  8895 | Orc:1    | Reached skill level 13 in Axes
  8955 | Orc:2    | Reached XP level 12. HP: 75/112 MP: 5/5
  9252 | Orc:2    | Noticed an ogre mage
  9256 | Orc:2    | Reached skill level 14 in Axes
  9259 | Orc:2    | Noticed an ogre mage
  9264 | Orc:2    | Noticed an ogre mage
  9264 | Orc:2    | Noticed an ogre mage
  9266 | Orc:2    | Reached skill level 5 in Evocations
  9284 | Orc:2    | Killed an ogre mage
  9285 | Orc:2    | Killed an ogre mage
  9287 | Orc:2    | Killed an ogre mage
  9288 | Orc:2    | Killed an ogre mage
  9292 | Orc:2    | Slain by a two-headed ogre

Skill      XL: |  1  2  3  4  5  6  7  8  9 10 11 12 |
---------------+-------------------------------------+-----
Fighting       | 3 4 5 6 7 8 9 |  9.2
Axes           | 4 5 7 9 11 13 14 | 14.8
Armour         | 3 4 5 6 7 8 |  8.7
Dodging        | 3 4 5 6 7 |  7.4
Evocations     | 1 2 3 4 5 |  5.1
Long Blades    | 5 |  5.2
Stealth        | 1 2 |  2.3
Throwing       | 1 |  1.4

Action                   |  1- 3 |  4- 6 |  7- 9 | 10-12 || total
-------------------------+-------+-------+-------+-------++-------
Melee: Hand axe          |   119 |   251 |    13 |       ||   383
       War axe           |       |       |   270 |   417 ||   687
       Long sword        |       |       |    81 |       ||    81
Throw: Tomahawk          |       |     3 |     2 |    12 ||    17
Invok: Trog's Hand       |     1 |       |     1 |    10 ||    12
       Berserk           |       |     3 |     3 |     6 ||    12
       Burn Spellbooks   |       |       |       |     1 ||     1
 Abil: Device Recharging |       |     2 |     3 |     5 ||    10
Evoke: Wand              |     1 |     6 |    16 |    41 ||    64
       Fan of gales      |       |       |       |     1 ||     1
  Use: Scroll            |     5 |     2 |     5 |     4 ||    16
       Potion            |     1 |       |       |     8 ||     9
  Eat: Bread ration      |     1 |     1 |       |     3 ||     5
       Beef jerky        |     1 |     1 |       |     2 ||     4
       Fruit             |       |     3 |       |       ||     3
       Meat ration       |       |       |     3 |     2 ||     5
       Royal jelly       |       |       |     1 |     1 ||     2
       Pizza             |       |       |       |     2 ||     2
Armor: Ring mail         |    46 |    35 |   105 |   161 ||   347
       Scale mail        |       |    21 |    44 |       ||    65
       Skin              |       |       |       |    69 ||    69
Dodge: Dodged            |    72 |   140 |   223 |   251 ||   686
       Rpst.: Long sword |       |       |    18 |       ||    18
